 Dungeon Crawl Stone Soup version 0.31-a0-844-gdc52ec4e09 (webtiles) character file.

Game seed: 9042872459847446949

186 mcwallace the Vexing (level 5, -9/30 HPs)
             Began as a Vampire Enchanter on Sept 29, 2023.
             Mangled by a hornet (11 damage)
             ... on level 4 of the Dungeon.
             The game lasted 00:05:34 (3349 turns).

mcwallace the Vexing (Vampire Enchanter)            Turns: 3349, Time: 00:05:35

Health: -9/30      AC:  6    Str:  7    XL:     5   Next: 38%
Magic:  9/9        EV: 13    Int: 18    God:
Gold:   220        SH:  0    Dex: 16    Spells: 6/9 levels left

rFire   . . .        D - +2 dagger (venom) {short}
rCold   + + .        (no shield)
rNeg    + + +        b - +0 robe
rPois   ∞            (no helmet)
rElec   .            J - +2 cloak
rCorr   .            K - +0 pair of gloves
SInv    +            (no boots)
Will    .....        (no amulet)
Stlth   +++++        (no ring)
HPRegen 0.00/turn    (no ring)
MPRegen 0.11/turn

%: no passive effects
@: bloodless, inhibited regen, invisible
A: bloodless, fangs 3, see invisible, vampiric 2
a: Bat Form, Revivify


You were on level 4 of the Dungeon.
You visited 1 branch of the dungeon, and saw 4 of its levels.

You collected 220 gold pieces.


Innate Abilities, Weirdness & Mutations

You do not regenerate when monsters are visible.
You are frail without blood (-20% HP).
You can heal yourself when you bite living creatures.
You are immune to poison.
You have razor-sharp teeth.
You have supernaturally acute eyesight. (SInv)
You are afflicted with vampirism and can become a bat while bloodless.


   Skills:
 + Level 1.7 Fighting
 + Level 2.6 Short Blades
 + Level 3.1 Dodging
 + Level 5.3 Stealth
 + Level 2.7 Spellcasting
 + Level 5.4 Hexes


You had 6 spell levels left.
You knew the following spells:

 Your Spells              Type           Power      Damage    Failure   Level
a - Tukima's Dance        Hex            22%        N/A       5%          3

Your spell library contained the following spells:

 Spells                   Type           Power      Damage    Failure   Level
 Confusing Touch          Hex            22%        N/A       5%          3
 Ensorcelled Hibernation  Hex/Ice        24%        N/A       9%          2
 Dazzling Flash           Conj/Hex       24%        N/A       16%         3
 Magic Dart               Conj           8%         1d3       17%         1
 Call Imp                 Summ           4%         N/A       26%         2
 Mephitic Cloud           Conj/Pois/Air  2%         N/A       45%         3

Inventory:

Hand Weapons
 a - a +1 dagger {short}
 h - a +2 dagger of electrocution {short}
   (You took it off a kobold on level 1 of the Dungeon)
 m - a +3 dagger {short}
   (You took it off a goblin on level 1 of the Dungeon)
 D - a +2 dagger of venom (weapon) {short}
   (You took it off a goblin on level 2 of the Dungeon)
Missiles
 d - 63 stones {throwing}
 e - a throwing net {=f!fthrowing}
 M - 4 atropa-tipped darts {throwing}
Armour
 b - a +0 robe (worn)
 g - a +0 ring mail
   (You found it on level 1 of the Dungeon)
 l - a +0 ring mail
   (You found it on level 1 of the Dungeon)
 n - a +0 leather armour
   (You found it on level 1 of the Dungeon)
 s - a +0 ring mail
   (You found it on level 2 of the Dungeon)
 u - a +0 robe
   (You took it off a kobold on level 2 of the Dungeon)
 x - a +0 cloak
   (You found it on level 2 of the Dungeon)
 y - a +0 robe
   (You found it on level 2 of the Dungeon)
 z - a +0 robe
   (You found it on level 2 of the Dungeon)
 B - a +0 leather armour
   (You took it off an orc on level 2 of the Dungeon)
 C - a +0 scale mail
   (You took it off an orc on level 2 of the Dungeon)
 E - a +0 leather armour
   (You found it on level 3 of the Dungeon)
 F - a +0 ring mail
   (You found it on level 3 of the Dungeon)
 G - a +0 ring mail
   (You took it off an orc on level 3 of the Dungeon)
 J - a +2 cloak (worn)
   (You found it on level 3 of the Dungeon)
 K - a +0 pair of gloves (worn)
   (You found it on level 3 of the Dungeon)
Scrolls
 f - 5 scrolls of identify {unknown}
 i - 3 scrolls of vulnerability {unknown}
 o - 2 scrolls of enchant weapon {unknown}
 p - a scroll of enchant armour {unknown}
 q - a scroll of silence {unknown}
 r - 2 scrolls of teleportation {unknown}
 t - a scroll of fog {unknown}
 w - a scroll of poison {unknown}
Potions
 c - 2 potions of invisibility
 j - 2 potions of resistance {unknown}
 k - 2 potions of enlightenment {unknown}
 v - a potion of cancellation {unknown}
 A - 2 potions of berserk rage {unknown}
 H - a potion of haste {unknown}
 I - 2 potions of magic {unknown}
 L - a potion of attraction {unknown}

Dungeon Overview and Level Annotations

Branches:
Dungeon (4/15) Zot: 20652
 Temple: D:4-7

Altars:

Annotations:
D:2 1 runed translucent door, Crazy Yiuf

#..........########
#...##.#...#
######.#...# #.#...#
#.#...# #.#.#...## ...
.........+...>.
##########..##.....
.......@yJ..##...
#########)..##(#
######......######+#.
#.........#.......!..
#....##....#..........
.... #.#..)†.........
#.. #.##.#..........
#. #............... #
#.##.#.........#


You could see a hornet (unable to see you) and an endoplasm.


Message History

You are too injured to fight recklessly!
Unknown command.
The iguana bites you. 😮 HP[-3]
You take 3 damage, and now have 15/29 hp.
You kill the iguana!
The ball python attacks as it pursues you!
The ball python bites you but does no damage.
The ball python misses you.
You barely miss the ball python. The ball python barely misses you. x2
You closely miss the ball python. The ball python barely misses you.
The ball python misses you.
You hit the ball python.
You kill the ball python!
Unknown command.
M - 6 atropa-tipped darts {throwing} You see here an iguana corpse.
d - 63 stones {throwing} (gained 5)
Things that are here:
a +0 dagger {short}; a kobold corpse You see here an iguana corpse.
Key pressed, stopping explore.
You see here a +0 sling.
A ball python comes into view. 😎 HP[+14]
Your hp is fully restored (29).
A ball python is nearby!
A ball python is nearby!
Found a stone staircase leading down.
A hornet and an endoplasm come into view.
A goblin comes into view. It is wielding a +0 club.
The ball python hisses angrily.
The ball python completely misses you. The ball python closely misses you.
You hit the ball python.
The ball python is poisoned.
The ball python completely misses you. The ball python barely misses you.
You hit the ball python.
You kill the ball python!
The goblin shouts! 😎 HP[+1]
You now have 30 max hp (+1).
Your hp is fully restored (30).
An endoplasm comes into view.
The endoplasm quivers.
A quokka comes into view.
The goblin misses you.
You hit the goblin.
The goblin is poisoned.
The goblin hits you with a +0 club. 😕 HP[-2]
You take 2 damage, and now have 28/30 hp.
The endoplasm quivers.
The endoplasm attacks as it pursues you!
The endoplasm barely misses you.
You hit the goblin.
You kill the goblin!
You hit the endoplasm.
The endoplasm is poisoned.
The endoplasm closely misses you.
You barely miss the endoplasm. The endoplasm closely misses you.
You hit the endoplasm.
The hornet buzzes angrily.
You kill the endoplasm!
You hit the quokka.
You kill the quokka!
Okay, then.
Throw: 6 darts (atropa) {throwing}
Press: ? - help, Shift-Dir - straight line, f - hornet
Aim: a hornet (39% to hit, chance to blind on hit: 44%)
You throw an atropa-tipped dart {throwing}.
The atropa-tipped dart {throwing} closely misses the hornet.
Throw: 5 darts (atropa) {throwing}
Press: ? - help, Shift-Dir - straight line, f/p - hornet
Aim: a hornet (39% to hit, chance to blind on hit: 44%)
You throw an atropa-tipped dart {throwing}.
The atropa-tipped dart {throwing} barely misses the hornet.
The hornet misses you. The hornet stings you!
The endoplasm attacks as it pursues you!
The endoplasm closely misses you.
You see here a +0 sling. 😮 HP[-7]
You take 7 damage, and now have 21/30 hp.
MASSIVE DAMAGE!! (PAUSE)
The hornet attacks as it pursues you! The hornet stings you.
The endoplasm attacks as it pursues you!
The endoplasm barely misses you. 😮 HP[-3]
You take 3 damage, and now have 18/30 hp.
The hornet attacks as it pursues you!
The hornet stings you but does no damage.
The hornet barely misses you.
You completely miss the hornet. The hornet stings you.
* * * LOW HITPOINT WARNING * * *
😨 HP[-6]
You take 6 damage, and now have 12/30 hp.
You miss the hornet. The hornet stings you!
* * * LOW HITPOINT WARNING * * *
😱 HP[-10]
You take 10 damage, and now have 2/30 hp.
MASSIVE DAMAGE!! (PAUSE) Unknown command.
You fade into invisibility!
The hornet misses you. The hornet stings you!
You die...

Skill      XL: |  1  2  3  4 |
---------------+-------------+-----
Fighting       | 1 |  1.7
Short Blades   | 2 |  2.6
Hexes          | 5 |  5.4
Stealth        | 5 |  5.3
Dodging        | 3 |  3.1
Spellcasting   | |  2.7

Action                     |  1- 3 |  4- 6 || total
---------------------------+-------+-------++-------
  Melee: Dagger            |   112 |    99 ||   211
         Bite              |     9 |     8 ||    17
         Punch             |       |     1 ||     1
  Throw: Dart              |       |     2 ||     2
Ability: Exsanguinate      |     1 |       ||     1
    Use: Potion            |       |     1 ||     1
   Stab: Sleeping          |    17 |     5 ||    22
         Distracted        |     1 |       ||     1
 Armour: Robe              |    57 |    51 ||   108
  Dodge: Dodged            |    63 |    72 ||   135

Levels and vault maps discovered:
D:1:      evilmike_arrival_fibonacci_small, layout_basic, minmay_liquid_box,
          minmay_pentomino_p4
D:2:      layout_loops_ring, minmay_small_reverse_x, uniq_crazy_yiuf_cottage
D:3:      kennysheep_slugbush, layout_rooms, kennysheep_generic_room_15
D:4:      layout_basic

Notes
Turn   | Place    | Note
-------+----------+-------------------------------------------
     0 | D:1      | mcwallace the Vampire Enchanter began the quest for the
                  | Orb.
     0 | D:1      | Reached XP level 1. HP: 13/13 MP: 3/3
     0 | D:1      | magus.rc [v1.9.6]
   247 | D:1      | Reached XP level 2. HP: 20/20 MP: 5/5
  1142 | D:2      | Gained mutation: You are afflicted with vampirism and can
                  | become a bat while bloodless. [Vampire growth]
  1142 | D:2      | Reached XP level 3. HP: 25/25 MP: 6/6
  1297 | D:2      | Found a runed translucent door.
  1298 | D:2      | Noticed Crazy Yiuf
  1360 | D:2      | Learned a level 3 spell: Tukima's Dance
  1382 | D:2      | Reached skill level 1 in Fighting
  1422 | D:2      | Reached skill level 2 in Short Blades
  1623 | D:2      | Reached skill level 5 in Hexes
  1950 | D:2      | Reached skill level 5 in Stealth
  1957 | D:2      | Reached XP level 4. HP: 25/25 MP: 7/7
  2890 | D:3      | You pick up a book of Minor Magic and begin reading...
  2890 | D:3      | You add the spells Magic Dart, Call Imp and Mephitic Cloud
                  | to your library.
  2955 | D:3      | Reached skill level 3 in Dodging
  3029 | D:3      | Reached XP level 5. HP: 29/29 MP: 8/8
  3322 | D:4      | Noticed a hornet
  3348 | D:4      | HP: 2/30 [hornet (10)]
  3349 | D:4      | Mangled by a hornet

Vanquished Creatures
  An iguana (D:4)
  A gnoll (D:3)
  3 adders
  13 dart slugs
  5 orcs
  10 ball pythons
  4 bats
  9 endoplasms
  3 giant cockroaches
  3 hobgoblins
  6 jackals
  3 quokkas
  4 frilled lizards
  12 goblins
  7 kobolds
  5 rats
89 creatures vanquished.

Table legend:
 A = Non-vault XP
 B = Vault XP
 C = Vault XP percentage of total XP
 D = Non-vault monster count
 E = Vault monster count
 F = Vault count percentage of total count
                 A         B        C        D         E       F
            +---------+---------+-------+---------+---------+-------
      Total |     195 |      72 |  27.0 |      70 |      19 |  21.3
            +---------+---------+-------+---------+---------+-------
        D:1 |      33 |       4 |  10.8 |      22 |       3 |  12.0
        D:2 |      76 |      14 |  15.6 |      29 |       5 |  14.7
        D:3 |      40 |      54 |  57.4 |      12 |      11 |  47.8
        D:4 |      46 |       0 |   0.0 |       7 |       0 |   0.0
            +---------+---------+-------+---------+---------+-------

Skill      XL: |  1  2  3  4 |
---------------+-------------+-----
Fighting       | 1 |  1.7
Short Blades   | 2 |  2.6
Hexes          | 5 |  5.4
Stealth        | 5 |  5.3
Dodging        | 3 |  3.1
Spellcasting   | |  2.7

Action                     |  1- 3 |  4- 6 || total
---------------------------+-------+-------++-------
  Melee: Dagger            |   112 |    99 ||   211
         Bite              |     9 |     8 ||    17
         Punch             |       |     1 ||     1
  Throw: Dart              |       |     2 ||     2
Ability: Exsanguinate      |     1 |       ||     1
    Use: Potion            |       |     1 ||     1
   Stab: Sleeping          |    17 |     5 ||    22
         Distracted        |     1 |       ||     1
 Armour: Robe              |    57 |    51 ||   108
  Dodge: Dodged            |    63 |    72 ||   135

Illustrated notes

Table legend:
 A = Kills in this place as a percentage of kills in the entire game.
 B = Kills by you in this place as a percentage of kills by you in the entire game.
 C = Kills by friends in this place as a percentage of kills by friends in the entire game.
 D = Other kills in this place as a percentage of other kills in the entire game.
 E = Experience gained in this place as a percentage of experience gained in the entire game.
 F = Experience gained in this place divided by the number of levels of this place that you have seen.
                   A       B       C       D       E      F
               +-------+-------+-------+-------+-------+----------------------
         Total | 100.0 | 100.0 |   N/A |   N/A | 100.0 |  66.8
       Dungeon | 100.0 | 100.0 |   N/A |   N/A | 100.0 |  66.8
               +-------+-------+-------+-------+-------+----------------------

Table legend: (Time is in decaauts)
 A = Elapsed time spent in this place.
 B = Non-inter-level travel time spent in this place.
 C = Inter-level travel time spent in this place.
 D = Time resting spent in this place.
 E = Time spent auto-exploring this place.
 F = Levels seen in this place.
 G = Mean time per level.
                   A        B        C        D        E       F      G
               +--------+--------+--------+--------+--------+-----+--------+
         Total |   3346 |   3177 |    169 |    222 |   2303 |   4 |  836.5 |
       Dungeon |   3346 |   3177 |    169 |    222 |   2303 |   4 |  836.5 |
               +--------+--------+--------+--------+--------+-----+--------+

Top non-repeatable levels by time:
     D:2: 1446 daAuts
     D:1: 1074 daAuts
     D:3: 671 daAuts
     D:4: 154 daAuts
